 Dungeon Crawl Stone Soup version 0.21.1-1-g345015fe64 (webtiles) character file.

247 P0NYSLAYSTATION the Skirmisher (level 6, 0/55 HPs)
             Began as a Hill Orc Fighter on June 16, 2018.
             Slain by Pikel
             ... wielding a +0 whip of electrocution
              (2 damage)
             ... on level 3 of the Dungeon.
             The game lasted 00:17:21 (2180 turns).

P0NYSLAYSTATION the Skirmisher (Hill Orc Fighter)   Turns: 2180, Time: 00:17:21

Health: 0/55       AC:  8    Str: 26    XL:     6   Next: 11%
Magic:  6/6        EV: 10    Int:  8    God:
Gold:   142        SH:  6    Dex: 10    Spells: 5/5 levels left

rFire    . . .     SeeInvis .   a - +0 long sword
rCold    . . .     Gourm    .   e - +2 buckler
rNeg     . . .     Faith    .   b - +0 scale mail
rPois    .         Spirit   .   (no helmet)
rElec    .         Reflect  .   l - +0 cloak (curse)
rCorr    .         Harm     .   (no gloves)
MR       .....                  (no boots)
Stlth    +.........             (no amulet)
HPRegen  0.18/turn              s - ring of stealth
MPRegen  0.10/turn              (no ring)

@: mighty
A: no striking features
a: no special abilities


You were on level 3 of the Dungeon.
You were not hungry.

You visited 1 branch of the dungeon, and saw 4 of its levels.

You collected 142 gold pieces.

Inventory:

Hand Weapons
 a - a +0 long sword (weapon)
Armour
 b - a +0 scale mail (worn)
 c - a +0 shield
 e - a +2 buckler (worn)
 l - a cursed +0 cloak (worn)
Jewellery
 s - a ring of stealth (left hand)
Scrolls
 n - a scroll of magic mapping {unknown}
 o - a scroll of enchant armour {unknown}
 q - a scroll of teleportation {unknown}
Potions
 d - a potion of brilliance
 j - a potion of agility {unknown}
 k - a potion of mutation {unknown}
 m - a potion of ambrosia
 p - a potion of haste {unknown}
Comestibles
 f - 7 rations
 g - a chunk of flesh


   Skills:
 + Level 4.9 Fighting
 + Level 4.0 Long Blades
 + Level 4.4 Armour
 + Level 0.9 Dodging
 + Level 4.5 Shields


You had 5 spell levels left.
You didn't know any spells.

Dungeon Overview and Level Annotations

Branches:
Dungeon (4/15)
 Temple: D:4-7

Altars:

Annotations:
D:3 Pikel; strelocc's ghost, amateur OpFE
D:4 Blork the orc


Message History

You slash Pikel!
Pikel is almost dead.
You block Pikel's attack.
You closely miss Pikel.
Pikel is almost dead.
Pikel drinks a potion.
Pikel is healed!
Pikel hits you but does no damage.
You closely miss Pikel.
Pikel is moderately wounded.
Pikel misses you.
You barely miss Pikel.
Pikel is moderately wounded.
Pikel hits you with a whip of electrocution.
* * * LOW HITPOINT WARNING * * *
You feel better.
Pikel hits you with a whip of electrocution.
You are electrocuted!
* * * LOW HITPOINT WARNING * * *
It was a potion of magic.
Magic courses through your body.
Pikel hits you with a whip of electrocution.
You die...

############ #.K@.......#
#.########.# ###########
#.# ######.# ..........#
#.# #......# .########.#
#.# #.####.######### .#
#.# #.###.## #..........
.#
#.####.##...###.#########
.# #......).....##.#
###### .###
######.<.###....# #.....


You could see Pikel.

Vanquished Creatures
  3 slaves (D:3)
  An ogre (D:4)
  Crazy Yiuf (D:2)
  A worker ant (D:4)
  6 adders
  4 worms
  A dart slug (D:2)
  3 orcs (D:3)
  2 ball pythons (D:2)
  A giant cockroach (D:3)
  5 goblins
  3 hobgoblins
  2 jackals (D:1)
  4 kobolds
  5 bats
  A frilled lizard (D:3)
  8 rats
51 creatures vanquished.

Notes
Turn   | Place    | Note
-------+----------+-------------------------------------------
     0 | D:1      | P0NYSLAYSTATION the Hill Orc Fighter began the quest for the Orb.
     0 | D:1      | Reached XP level 1. HP: 19/19 MP: 1/1
    53 | D:2      | Reached XP level 2. HP: 21/27 MP: 2/2
   623 | D:1      | Reached XP level 3. HP: 34/34 MP: 3/3
   889 | D:2      | Found a runed door.
   935 | D:2      | Noticed Crazy Yiuf
   940 | D:2      | Killed Crazy Yiuf
   940 | D:2      | Reached XP level 4. HP: 33/41 MP: 4/4
  1419 | D:3      | Noticed strelocc's ghost (amateur OpFE)
  1761 | D:4      | Noticed Pikel
  1761 | D:4      | Noticed a slave
  1761 | D:4      | Noticed a slave
  1761 | D:4      | Noticed a slave
  1761 | D:4      | Noticed a slave
  1761 | D:4      | Noticed Blork the orc
  1828 | D:4      | Reached XP level 5. HP: 40/47 MP: 5/5
  1835 | D:4      | Noticed an ogre
  1903 | D:4      | Killed an ogre
  1928 | D:4      | Reached XP level 6. HP: 49/55 MP: 6/6
  2142 | D:3      | Killed a slave
  2149 | D:3      | Killed a slave
  2154 | D:3      | Killed a slave
  2179 | D:3      | HP: 2/55 [Pikel/whip of electrocution (16)]
  2180 | D:3      | Slain by Pikel

Skill      XL: |  1  2  3  4  5  6 |
---------------+-------------------+-----
Fighting       | 4 |  4.9
Long Blades    | 3 4 |  4.0
Shields        | 4 |  4.5
Armour         | 4 |  4.4
Dodging        | |  0.9

Action                   |  1- 3 |  4- 6 || total
-------------------------+-------+-------++-------
Melee: Long sword        |    64 |   133 ||   197
  Use: Potion            |     1 |     5 ||     6
       Scroll            |       |     2 ||     2
  Eat: Chunk             |       |     4 ||     4
Armor: Scale mail        |    13 |    59 ||    72
Dodge: Dodged            |    21 |    61 ||    82
Block: Shield            |     5 |       ||     5
       Buckler           |    15 |    52 ||    67
       Rpst.: Long sword |     6 |    20 ||    26
